 Dungeon Crawl Stone Soup version 0.31-a0-851-g7ff8af7976 (webtiles) character file.

Game seed: 13903917427339785430

2501 kellington the Mimic (level 9, -15/64 HPs)
             Began as a Purple Draconian Shapeshifter on Oct 4, 2023.
             Was a Believer of Cheibriados.
             Killed by an exploding killer bee (25 damage)
             ... ignited by their inner flame
             ... on level 7 of the Dungeon on Oct 5, 2023.
             The game lasted 00:37:58 (5282 turns).

kellington the Mimic (DrSh)                         Turns: 5282, Time: 00:37:59

Health: -15/64     AC:  7    Str: 29    XL:     9   Next: 28%
Magic:  18/18      EV: 11    Int: 23    God:    Cheibriados [**....]
Gold:   303        SH: 18    Dex: 23    Spells: 7/8 levels left

rFire   x . .        k - +8 dagger of Mocosul {drain, Fragile rF- MP+9 Int+7}
rCold   . . .        s - +9 kite shield of Exclusion {rN+++ Dex-4 Slay+3 Stlth+}
rNeg    + + +        (body armour unavailable)
rPois   .            (helmet restricted)
rElec   .            (no cloak)
rCorr   .            (no gloves)
SInv    .            (no boots)
Will    +....        y - amulet of faith
Stlth   +++          g - +6 ring of strength
HPRegen 0.30/turn    G - +6 ring of dexterity
MPRegen 0.16/turn

%: faith
@: lethally poisoned (-15 -> -28), maw-form, very slow
A: devouring maw, breathe power, AC +7, unfitting armour, cold-blooded
a: Breathe Dispelling Energy, Begin Untransformation, Renounce Religion, Bend
Time


You were on level 7 of the Dungeon.
You worshipped Cheibriados.
Cheibriados was pleased with you.
You were a creature with a mouth for a stomach.
You visited 2 branches of the dungeon, and saw 8 of its levels.

You collected 303 gold pieces.

Inventory:

Hand Weapons
 k - the +8 dagger of Mocosul (weapon) {drain, Fragile rF- MP+9 Int+7}
   (You found it on level 2 of the Dungeon)

   Int+7:     It affects your intelligence (+7).
   rF-:       It makes you vulnerable to fire.
   MP+9:      It affects your magic capacity (+9).
   Fragile:   It will be destroyed if unequipped.
Missiles
 d - a throwing net
Armour
 l - +0 fire dragon scales
 s - the +9 kite shield of Exclusion (worn) {rN+++ Dex-4 Slay+3 Stlth+}
   (You found it on level 4 of the Dungeon)

   Dex-4:     It affects your dexterity (-4).
   Slay+3:    It affects your accuracy & damage with ranged weapons and melee
   (+3).
   rN+++:     It renders you almost immune to negative energy.
   Stlth+:    It makes you more stealthy.
 E - +0 acid dragon scales
Magical Staves
 f - a staff of poison
 m - a staff of conjuration
 u - a staff of conjuration
Jewellery
 a - a ring of fire
 g - a +6 ring of strength (left hand)
 y - an amulet of faith (around neck)
 F - an amulet of the acrobat
 G - a +6 ring of dexterity (right hand)
Talismans
 b - a beast talisman
 c - a flux talisman
 h - a beast talisman
 i - a serpent talisman
 A - a maw talisman (active)
 B - a beast talisman
Wands
 j - a wand of mindburst (9)
Scrolls
 n - a scroll of teleportation {unknown}
 o - a scroll of revelation {unknown}
 p - a scroll of enchant armour {unknown}
 q - a scroll of amnesia {unknown}
 r - a scroll of vulnerability {unknown}
 t - a scroll of butterflies {unknown}
 x - a scroll of poison {unknown}
 D - a scroll of fear {unknown}
Potions
 e - a potion of brilliance
 v - a potion of ambrosia {unknown}
 z - a potion of attraction


   Skills:
 - Level 1.3 Fighting
 - Level 1.9 Dodging
 - Level 3.1 Unarmed Combat
 + Level 11.8 Shapeshifting


You had 7 spell levels left.
You knew the following spells:

 Your Spells              Type           Power      Damage    Failure   Level
a - Necrotise             Necr           0%         1d4       32%         1

Your spell library contained the following spells:

 Spells                   Type           Power      Damage    Failure   Level
 Frozen Ramparts          Ice            0%         1d1       69%         3
 Stone Arrow              Conj/Erth      0%         3d7       69%         3
 Vampiric Draining        Necr           0%         2d6       69%         3
 Petrify                  Tmut/Erth      0%         N/A       97%         4
 Agony                    Necr           0%         N/A       100%        5
 Metabolic Englaciation   Hex/Ice        0%         N/A       100%        5
 Lehudib's Crystal Spear  Conj/Erth      0%         10d2      100%        8
 Animate Armour           Summ/Erth      Unusable   N/A       N/A         4

Dungeon Overview and Level Annotations

Branches:
Dungeon (7/15)             Temple (1/1) D:5

Altars:
Ashenzari
Cheibriados
Dithmenos
Elyvilon
Gozag
Makhleb
Okawaru
Qazlal
Ru
Sif Muna
Trog
Uskayaw
Wu Jian
Xom
Zin
The Shining One

Shops:
D:7 :


Innate Abilities, Weirdness & Mutations

You are a creature with a mouth for a stomach.
Your midsection houses a second, enormous mouth.
You can breathe bolts of dispelling energy.
Your rich purple scales are hard. (AC +7)
You cannot fit into any form of body armour.
You are cold-blooded and may be slowed by cold attacks.


Message History

The killer bee poisons you! The killer bee barely misses you.
The killer bee stings you but does no damage.
You block the killer bee's attack. The killer bee barely misses you.
You feel better. You block the killer bee's attack. x2
The killer bee stings you but does no damage.
The killer bee closely misses you. The killer bee stings you.
You are poisoned.
The killer bee poisons you! You block the killer bee's attack.
You barely miss the killer bee. You bite the killer bee!
The killer bee is almost dead.
You feel sick. The killer bee stings you!
You are more poisoned.
The killer bee poisons you! You block the killer bee's attack. x2
The killer bee stings you!
* * * LOW HITPOINT WARNING * * *
You block the killer bee's attack. The killer bee stings you.
* * * LOW HITPOINT WARNING * * *
Read: scroll of immolation
Press: ? - help, Q - select action, (/) - cycle Dir - look around, f - activate Look: a killer bee (almost dead, heavily drained, susceptible)
As you read the scroll of immolation, it crumbles to dust.
The creatures around you are filled with an inner flame!
You feel sick. The killer bee stings you.
* * * LOW HITPOINT WARNING * * *
The killer bee stings you.
* * * LOW HITPOINT WARNING * * *
You are lethally poisoned!
The killer bee poisons you! You block the killer bee's attack. x2
The killer bee stings you but does no damage.
You block the killer bee's attack.
You miss the killer bee. You bite the killer bee.
Cheibriados thoroughly appreciates the change of pace.
The killer bee explodes!
The fiery explosion engulfs the killer bee!!
Cheibriados thoroughly appreciates the change of pace.
The fiery explosion engulfs the killer bee!!!
Cheibriados thoroughly appreciates the change of pace.
Cheibriados raises the support of your attributes as your movement slows.
The fiery explosion engulfs you!! The fire burns you terribly!
You die...

##..##############
###....)..[......#
......)#......##.#
#......#.....##..#
##.....#....##...#
.##....#...##....#
..##...#..##.....#
...##..#.##......#
... ####+#....§§W#
... #...#....§§§#
######._.#######§#
.....# ..# ..#
.....###### ..#
....##.#..## ...#
...##..#...## ..##
..##...#....##..
.##....#.....##


There were no monsters in sight!

Vanquished Creatures
  A kobold demonologist (D:6)
  A hellwing (D:5)
  A ynoxinul (D:5)
  A steam dragon (D:4)
  A vampire mosquito (D:6)
  An acid dragon (D:7)
  An orc warrior (D:7)
  Pargi (D:3)
  3 black bears (D:6)
  2 ogres
  A phantom (D:6)
  A kobold brigand (D:6)
  2 bullfrogs (D:6)
  3 scorpions
  5 killer bees (D:7)
  A howler monkey (D:6)
  4 hounds
  A jelly (D:5)
  4 orc priests
  6 orc wizards
  3 iguanas
  A gnoll (D:2)
  5 adders
  A shadow imp (D:6)
  2 white imps (D:6)
  3 dart slugs
  2 worms (D:4)
  26 orcs
  2 ball pythons (D:4)
  4 endoplasms
  2 giant cockroaches
  7 goblins
  A hobgoblin (D:3)
  7 kobolds
  2 quokkas
  7 bats
  4 frilled lizards
  2 rats
122 creatures vanquished.

Vanquished Creatures (others)
  An orc (D:4)
1 creature vanquished.

Grand Total: 123 creatures vanquished

Notes
Turn   | Place    | Note
-------+----------+-------------------------------------------
     0 | D:1      | kellington the Draconian Shapeshifter began the quest for
                  | the Orb.
     0 | D:1      | Reached XP level 1. HP: 16/16 MP: 1/1
   633 | D:2      | Reached XP level 2. HP: 23/23 MP: 2/2
   757 | D:2      | Identified the +8 dagger of Mocosul {drain, Fragile rF-
                  | MP+9 Int+7}
   839 | D:2      | Learned a level 1 spell: Necrotise
   877 | D:2      | Found a faded altar of an unknown god.
   889 | D:2      | Prayed at the altar of an unknown god.
   889 | D:2      | Became a worshipper of Makhleb the Destroyer
   889 | D:2      | Reached * piety under Makhleb
  1085 | D:2      | Reached XP level 3. HP: 24/28 MP: 3/3
  1145 | D:2      | Reached skill level 4 in Shapeshifting
  1539 | D:3      | Reached XP level 4. HP: 31/35 MP: 4/4
  2121 | D:3      | Noticed Pargi
  2129 | D:3      | Killed Pargi
  2130 | D:3      | Reached skill level 5 in Shapeshifting
  2130 | D:3      | Reached XP level 5. HP: 40/40 MP: 5/5
  2239 | D:4      | Reached skill level 6 in Shapeshifting
  2392 | D:4      | Found a hide-covered altar of Uskayaw.
  2468 | D:4      | Reached XP level 6. HP: 41/47 MP: 6/6
  2473 | D:4      | Reached ** piety under Makhleb
  2624 | D:4      | Identified the +9 kite shield of Exclusion {rN+++ Dex-4
                  | Slay+3 Stlth+}
  2664 | D:4      | Noticed a steam dragon
  2672 | D:4      | Killed a steam dragon
  2673 | D:4      | Reached skill level 7 in Shapeshifting
  2673 | D:4      | Your scales start taking on a rich purple colour.
  2673 | D:4      | Reached XP level 7. HP: 37/52 MP: 7/7
  2828 | D:5      | Entered Level 5 of the Dungeon
  2980 | D:5      | Found a staircase to the Ecumenical Temple.
  2992 | Temple   | Entered the Ecumenical Temple
  3040 | Temple   | Fell from the grace of Makhleb
  3040 | Temple   | Became a worshipper of Cheibriados the Contemplative
  3205 | D:5      | Reached skill level 8 in Shapeshifting
  3357 | D:5      | Noticed a hellwing
  3386 | D:5      | Killed a hellwing
  3502 | D:5      | Noticed a ynoxinul
  3532 | D:5      | Killed a ynoxinul
  3883 | D:6      | Reached * piety under Cheibriados
  3887 | D:6      | Reached skill level 9 in Shapeshifting
  3887 | D:6      | Reached XP level 8. HP: 48/59 MP: 8/8
  4165 | D:6      | Reached skill level 10 in Shapeshifting
  4180 | D:6      | Noticed a kobold demonologist
  4193 | D:6      | Killed a kobold demonologist
  4226 | D:6      | Reached skill level 11 in Shapeshifting
  4241 | D:6      | Reached XP level 9. HP: 41/64 MP: 9/9
  4313 | D:6      | Upgraded the game from 0.31-a0-848-gaac375c287 to
                  | 0.31-a0-851-g7ff8af7976
  4606 | D:6      | Reached ** piety under Cheibriados
  4812 | D:7      | Found a broken altar of Ashenzari.
  5116 | D:7      | Found Ecinet's Book Shop.
  5254 | D:7      | Identified the +2 robe of Supple Strength {Dex+3}
  5282 | D:7      | Killed by an exploding killer bee... ignited by their inner
                  | flame

Illustrated notes

Levels and vault maps discovered:
D:1:      dpeg_arrival_another_circle, layout_loops_corners, st_stairs_6,
          hangedman_decor_push
D:2:      minmay_door_path, layout_loops_ring,
          dreamdust_ecumenical_altar_statues
D:3:      layout_basic, uniq_pargi
D:4:      layout_rooms, old_standard_altar, chequers_big_river
D:5:      layout_basic, minmay_temple_entry_sparse_star
D:6:      minmay_chambers_of_sixes, layout_loops_ring, grunt_decor_arrowhead
D:7:      layout_rooms, nicolae_ashenzari_panopticon, serial_shops, shop
Temple:   nicolae_temple_two_arcs

Skill      XL: |  1  2  3  4  5  6  7  8 |
---------------+-------------------------+-----
Shapeshifting  | 4 5 6 7 9 11 | 11.8
Fighting       | |  1.3
Dodging        | |  1.9
Unarmed Combat | |  3.1

Action                     |  1- 3 |  4- 6 |  7- 9 || total
---------------------------+-------+-------+-------++-------
  Melee: Unarmed           |    19 |       |     4 ||    23
         Tailslap          |     6 |     5 |    26 ||    37
         Dagger            |    36 |    60 |   189 ||   285
         Punch             |     1 |     2 |       ||     3
         Maw               |       |       |    10 ||    10
   Cast: Necrotise         |       |       |     1 ||     1
Ability: Breathe Dispellin |       |       |     3 ||     3
    Use: Scroll            |     1 |     3 |     4 ||     8
         Potion            |       |     2 |     6 ||     8
   Stab: Sleeping          |     2 |       |     2 ||     4
 Armour: Skin              |    41 |    57 |   152 ||   250
  Dodge: Dodged            |    45 |    33 |   113 ||   191
  Block: Kite shield       |       |    15 |   236 ||   251
   Form: Maw               |       |       |     2 ||     2
         Anaconda          |       |       |     1 ||     1

Table legend: (Time is in decaauts)
 A = Elapsed time spent in this place.
 B = Non-inter-level travel time spent in this place.
 C = Inter-level travel time spent in this place.
 D = Time resting spent in this place.
 E = Time spent auto-exploring this place.
 F = Levels seen in this place.
 G = Mean time per level.
                   A        B        C        D        E       F      G
               +--------+--------+--------+--------+--------+-----+--------+
         Total |   5923 |   5705 |    218 |    599 |     51 |   8 |  740.4 |
       Dungeon |   5852 |   5634 |    218 |    599 |     51 |   7 |  836.0 |
        Temple |     71 |     71 |      0 |      0 |      0 |   1 |   71.0 |
               +--------+--------+--------+--------+--------+-----+--------+

Top non-repeatable levels by time:
     D:6: 1336 daAuts
     D:5: 892 daAuts
     D:3: 881 daAuts
     D:7: 790 daAuts
     D:2: 732 daAuts
     D:1: 618 daAuts
     D:4: 600 daAuts
  Temple: 71 daAuts
